 Dungeon Crawl Stone Soup version 0.18-a0-1285-g60d00e1 (webtiles) character file.

37 ololoev the Firebug (level 3, 8/19 HPs)
             Began as a Deep Elf Fire Elementalist on Feb 8, 2016.
             Quit the game on level 3 of the Dungeon.
             The game lasted 00:03:50 (646 turns).

ololoev the Firebug (Deep Elf Fire Elementalist)     Turns: 646, Time: 00:03:50

Health: 8/19       AC:  3    Str:  5    XL:     3   Next: 23%
Magic:  0/10       EV: 13    Int: 20    God:
Gold:   91         SH:  0    Dex: 15    Spells: 3 memorised, 2 levels left

rFire  . . .     SeeInvis .     i - +0 short sword (drain)
rCold  . . .     Gourm    .     a - +0 robe
rNeg   . . .     Faith    .     (no shield)
rPois  .         Spirit   .     (no helmet)
rElec  .         Dismiss  .     h - +0 cloak {MR+}
rCorr  .         Reflect  .     (no gloves)
SustAt .         Harm     .     (no boots)
MR     +....                    (no amulet)
Stlth  ++........               (no ring)
                                (no ring)

@: somewhat resistant to hostile enchantments, unstealthy
A: no striking features
a: no special abilities

Inventory:

Hand Weapons
 i - a +0 short sword of draining (weapon)
Armour
 a - a +0 robe (worn)
 h - a +0 cloak of magic resistance (worn)
Scrolls
 m - a scroll of recharging {unknown}
 n - a scroll of remove curse {unknown}
Potions
 e - a potion of curing {unknown}
 f - a potion of agility {unknown}
 g - a potion of lignification {unknown}
 j - a potion of brilliance {unknown}
 k - 2 potions of might {unknown}
Books
 b - a book of Flames

   Spells                             Type                      Level
   a - Flame Tongue                   Conjuration/Fire             1
   b - Throw Flame                    Conjuration/Fire             2
   c - Conjure Flame                  Conjuration/Fire             3
   d - Inner Flame                    Hexes/Fire                   3
   e - Sticky Flame                   Conjuration/Fire             4
   f - Fireball                       Conjuration/Fire             5
Comestibles
 c - 2 bread rations
 d - 2 meat rations
 l - a royal jelly
 o - a beef jerky


   Skills:
 - Level 2.4 Dodging
 - Level 2.4 Stealth
 + Level 3.6 Spellcasting
 * Level 2.3 Conjurations
 + Level 3.8 Fire Magic


You had 2 spell levels left.
You knew the following spells:

 Your Spells              Type           Power        Failure   Level  Hunger
a - Flame Tongue          Conj/Fire      ###..        3%          1    None
b - Conjure Flame         Conj/Fire      ###.....     12%         3    ###....
e - Inner Flame           Hex/Fire       ##......     21%         3    ###....


You were on level 3 of the Dungeon.
You were not hungry.

You visited 1 branch of the dungeon, and saw 3 of its levels.

You collected 91 gold pieces.

######### ##### #....oo.# #...#
#.#####.# #...##########o# #.#
#...##.......#o# #S#
#...##.......#)# #.# #
##...##.......#.# #o####.###
##.............#o#####.#o....S.
.....).........'@........o#
.....<.........#.#####.#....#
##.............#.# ...#.####
#.........#####.# #####..
#.........# #.# ### #.........#
##. #..)......# . #####.##### .
.#

Notes
Turn   | Place    | Note
--------------------------------------------------------------
     0 | D:1      | ololoev the Deep Elf Fire Elementalist began the quest for the Orb.
     0 | D:1      | Reached XP level 1. HP: 10/10 MP: 6/6
   217 | D:1      | Reached XP level 2. HP: 3/15 MP: 0/8
   587 | D:3      | Reached XP level 3. HP: 12/19 MP: 10/10
   592 | D:3      | Learned a level 3 spell: Conjure Flame
   596 | D:3      | Learned a level 3 spell: Inner Flame
   646 | D:3      | Quit the game

Dungeon Overview and Level Annotations

Branches:
Dungeon (3/15)

Altars:


Message History

Confirm with . or Enter, or press ? or * to list all spells.
Aiming: Inner Flame
Press: ? - help, Shift-Dir - straight line, f/p - adder
Aim: an adder (almost dead, chance to defeat MR: 70%)
The adder struggles to resist.
Casting: Inner Flame
Confirm with . or Enter, or press ? or * to list all spells.
Aiming: Flame Tongue
Press: ? - help, Shift-Dir - straight line, f - orc, p - adder
Aim: an orc, wielding a short sword and wearing a scale mail (inner flame)
The flame tongue misses the orc.
Casting: Flame Tongue
Confirm with . or Enter, or press ? or * to list all spells.
Aiming: Flame Tongue
Press: ? - help, Shift-Dir - straight line, f - adder
Aim: an adder (severely wounded)
The flame tongue misses the adder.
You miss the adder.
The adder is severely wounded.
The adder barely misses you. The adder bites you.
You are poisoned.
The adder poisons you!
You hit the adder. You drain the adder!
You kill the adder!
You feel sick.
You feel sick.
Casting: Flame Tongue
Confirm with . or Enter, or press ? or * to list all spells.
Aiming: Flame Tongue
Press: ? - help, Shift-Dir - straight line, f - orc
Aim: an orc, wielding a short sword and wearing a scale mail (inner flame)
The flame tongue hits the orc.
The orc appears unharmed.
You feel sick.
You see here a bat corpse.
The orc's inner flame fades away.
Things that are here:
a club; a goblin corpse You feel sick.
You are no longer poisoned.
Are you sure you want to abandon this character and quit the game? (Confirm with "yes".)

You could see 2 orc priests and an orc.

Vanquished Creatures
  An adder (D:3)
  A worm (D:2)
  5 goblins
  4 hobgoblins
  3 jackals (D:1)
  A kobold (D:1)
  A quokka (D:2)
  4 bats
  A giant newt (D:1)
  3 rats (D:2)
24 creatures vanquished.

Action                   || total
-------------------------++-------
Melee: Unarmed           ||    10
       Short sword       ||    24
 Cast: Flame Tongue      ||    38
       Inner Flame       ||     2
       Conjure Flame     ||     1

Vault maps used:
D:1:      dpeg_arrival_rooms_a
D:2:      uniq_natasha
D:3:      marbit_many_paths, elyvilon_altar_4, first_bread
